Map: New Gettysburg LE

Players

TheoRy - Winner!

  • Race: Protoss Protoss
  • League: Master

msrm

  • Race: Zerg Zerg
  • League: Master

Event: Clash of the Clanless

VOD

Have the link to the VOD?

Description

Time

  • Played on: Aug. 20, 2016, 3 p.m.
  • Length: 8:04

All games in this series

Show
View Real Time Build Order
Export as new Build Order

TheoRy Protoss - Winner!

Build Orders: 1 Gate Expand 

Get SALT Encoding   

  12  0:00  Probe (Chrono Boost)  
  13  0:11  Probe (Chrono Boost)  
  14  0:20  Pylon  
  14  0:23  Probe (Chrono Boost)  
  15  0:39  Probe (Chrono Boost)  
  16  0:43  Gateway  
  16  0:49  Probe (Chrono Boost)  
  17  0:50  Assimilator  
  17  1:00  Probe (Chrono Boost)  
  18  1:10  Probe (Chrono Boost)  
  19  1:21  Probe (Chrono Boost)  
  20  1:28  Nexus  
  20  1:31  Probe (Chrono Boost)  
  21  1:41  Cybernetics Core  
  21  1:50  Pylon  
  21  1:51  Probe (Chrono Boost)  
  22  1:56  Assimilator  
  22  2:01  Probe (Chrono Boost)  
  23  2:10  Warp Gate  
  23  2:12  Probe (Chrono Boost)  
  23  2:15  Stalker  
  26  2:26  Probe (Chrono Boost)  
  27  2:33  Gateway  
  28  2:40  Probe (Chrono Boost)  
  28  2:41  Mothership Core (Chrono Boost)  
  28  2:43  Adept  
  30  2:51  Probe (Chrono Boost)  
  33  2:58  Twilight Council  
  33  3:01  Probe x2 (Chrono Boost)  
  35  3:10  Pylon  
  37  3:13  Probe x2 (Chrono Boost)  
  37  3:23  Probe (Chrono Boost)  
  37  3:26  Resonating Glaives  
  38  3:29  Gateway  
  38  3:31  Probe (Chrono Boost)  
  40  3:34  Probe (Chrono Boost), Pylon  
  40  3:43  Probe (Chrono Boost)  
  40  3:47  Probe (Chrono Boost)  
  42  3:55  Probe (Chrono Boost), Pylon  
  43  3:58  Gateway  
  43  4:00  Probe (Chrono Boost)  
  44  4:07  Probe (Chrono Boost)  
  45  4:15  Adept x2  
  45  4:16  Gateway  
  49  4:28  Adept  
  51  4:33  Adept  
  53  4:42  Adept  
  53  4:44  Probe (Chrono Boost)  
  53  4:45  Pylon  
  56  4:48  Pylon  
  57  4:54  Probe (Chrono Boost)  
  57  4:55  Adept x3  
  57  4:59  Pylon  
  63  5:04  Adept  
  66  5:08  Probe (Chrono Boost), Nexus  
  66  5:11  Pylon  
  66  5:12  Adept  
  68  5:18  Adept  
  68  5:19  Adept  
  70  5:29  Adept x2  
  70  5:42  Probe (Chrono Boost)  
  71  5:45  Assimilator  
  71  5:47  Assimilator  
  71  5:48  Robotics Facility  
  71  5:49  Robotics Facility  
  70  5:50  Probe (Chrono Boost)  
  70  5:54  Probe (Chrono Boost)  
  70  5:55  Adept x2  
  76  6:05  Probe (Chrono Boost)  
  72  6:15  Probe (Chrono Boost)  
  72  6:17  Probe (Chrono Boost)  
  72  6:27  Probe (Chrono Boost)  
  72  6:29  Probe (Chrono Boost)  
  70  6:32  Immortal  
  70  6:33  Immortal  
  70  6:35  Probe (Chrono Boost)  
  70  6:39  Probe (Chrono Boost)  
  77  6:41  Probe (Chrono Boost)  
  77  6:44  Adept x2  
  77  6:45  Probe (Chrono Boost), Adept x3  
  78  6:51  Probe (Chrono Boost)  
  78  6:53  Probe (Chrono Boost), Pylon  
  78  7:05  Sentry x2  
  78  7:06  Sentry x2  
  78  7:07  Immortal  
  86  7:09  Immortal  
  94  7:28  Forge  
  90  7:33  Gateway  
  90  7:35  Gateway  
  88  7:49  Zealot x2  
  88  7:50  Zealot x2  
  90  8:03  Pylon  
Show
View Real Time Build Order
Export as new Build Order

msrm Zerg 

Build Orders: Hatch First 

Get SALT Encoding   

  12  0:01  Drone  
  13  0:08  Drone  
  14  0:18  Overlord  
  14  0:23  Extractor  
  14  0:24  Drone  
  14  0:27  Extractor  
  13  0:30  Drone  
  16  0:36  Drone  
  17  1:01  Hatchery  
  17  1:02  Drone  
  17  1:03  Drone  
  18  1:17  Spawning Pool, Extractor  
  16  1:20  Drone  
  16  1:23  Drone  
  18  1:27  Drone  
  19  1:47  Hatchery  
  19  1:50  Drone  
  19  1:55  Drone  
  20  2:05  Queen  
  22  2:13  Overlord  
  22  2:14  Drone  
  23  2:21  Metabolic Boost  
  23  2:30  Zergling x6  
  23  2:33  Zergling x2  
  27  2:45  Queen  
  29  2:51  Queen  
  29  2:58  Overlord  
  31  3:03  Pneumatized Carapace  
  31  3:07  Drone  
  33  3:12  Drone  
  33  3:13  Drone  
  34  3:31  Lair, Drone x3  
  34  3:32  Drone  
  38  3:52  Roach Warren, Drone x5  
  42  3:56  Extractor  
  41  4:12  Drone  
  41  4:13  Overlord  
  41  4:14  Overlord x2  
  42  4:18  Extractor  
  41  4:32  Overseer  
  41  4:34  Overseer  
  41  4:36  Roach x4  
  49  4:38  Drone x3  
  49  4:39  Drone  
  52  4:46  Roach x2  
  56  5:04  Glial Reconstitution  
  56  5:06  Roach x2  
  60  5:14  Baneling Nest  
  55  5:24  Roach x2  
  55  5:25  Roach x2  
  55  5:26  Queen  
  59  5:39  Roach x4  
  62  5:51  Roach x2  
  64  5:58  Roach x2  
  64  5:59  Overlord x2  
  63  6:21  Roach x2  
  63  6:22  Roach x3  
  62  6:50  Roach x3  
  62  7:27  Roach x5  
  71  7:35  Roach  
Tags
 
Add a new tag
Caveats
  • Supply blocks, unpowered buildings, or Contaminate may cause inaccurate times.
  • Supply counts are checked every 10 seconds.